[Event "25th Troya Open 2017"]
[Site "Canakkale"]
[Date "2017.08.12"]
[Round "9.7"]
[White "Baltaci, Ismail Tarik"]
[Black "Tasan, Mehmet Askin"]
[Result "1-0"]
[ECO "C90"]
[WhiteElo "1946"]
[BlackElo "1957"]
[Annotator "NA"]
[PlyCount "135"]
[EventCountry "TUR"]
[SourceTitle "playchess.com"]
[Source "ChessBase"]
[SourceQuality "1"]
[TimeControl "5400+30"]

1. e4 e5 2. Nf3 Nc6 3. Bb5 a6 4. Ba4 Nf6 5. O-O b5 6. Bb3 d6 7. c3 (7. Ng5 $5 d5 8. exd5 $11) 7... Bg4 8. Re1 Be7 9. d3 O-O 10. Nbd2 Qd7 11. h3 Be6 12. d4 Bxb3 13. Qxb3 {[%emt 0:04:30] LiveBook: 11 Games} g6 {[%emt 0:02:30] C92: Closed Ruy Lopez: 9...Be6, Karpov and Flohr-Zaitsev Variations} (13... Rfe8 14. a4 Rab8 15. axb5 axb5 16. Nf1 b4 17. d5 Nd8 18. Ra7 Qc8 19. cxb4 c6 20. Bg5 cxd5 21. Rc1 Qe6 22. Bxf6 Qxf6 23. exd5 {1-0 (86) Baramidze,D (2613)-Postny,E (2631) Germany 2014}) 14. Nf1 Kg7 $146 ({Predecessor:} 14... Rfc8 15. Bg5 Na5 16. Qd1 Nh5 17. Bh6 exd4 18. cxd4 Nf6 19. b3 d5 20. Ne5 Qd6 21. Nxf7 Kxf7 {1-0 (28) Cilloniz Razzeto,A (2301)-Rouse Pasara,C (2132) ICCF email 2006}) 15. Ng3 Ng8 (15... Rfb8 $14) 16. Be3 Na5 17. Qd1 exd4 ({Black should play} 17... Nc4) 18. cxd4 Nc4 {[%emt 0:00:30] [#]} 19. Bc1 $1 Rad8 20. b3 Nb6 21. Bb2 f6 (21... d5 $142 22. Ne5 Qc8) 22. d5 h6 (22... Kh8 {is a better defense.} 23. Nd4 Ra8) 23. Nd4 Rde8 24. Ne6+ Kh7 25. h4 Rf7 26. h5 g5 27. Qg4 Bf8 28. f4 c5 29. Rf1 Bg7 30. Qf5+ Kh8 31. Qg6 Rxe6 32. dxe6 Qxe6 33. Qf5 Re7 34. Rad1 Nc8 35. Qxe6 Rxe6 36. Rd2 Kh7 37. fxg5 hxg5 38. Re1 Nge7 39. Kf2 Nc6 40. Nf5 Bf8 41. Kf3 a5 42. Red1 Nd8 43. Ne3 Nf7 44. Nd5 g4+ 45. Kxg4 Bg7 46. Kf5 Nd8 47. Nxf6+ Kh8 48. Nd5 Bxb2 49. Rxb2 Re5+ 50. Kg4 Rxe4+ 51. Kf3 Re8 52. Nf4 Nf7 53. Ng6+ Kg7 54. Kf2 Nb6 55. Re2 Rxe2+ 56. Kxe2 d5 57. Nf4 d4 58. Ne6+ Kh6 59. Nxc5 Nd5 60. Ne4 Nf4+ 61. Kf3 Ne6 62. g4 Ne5+ 63. Kg3 d3 64. Nf2 Kg5 65. Re1 Kf6 66. Ne4+ Ke7 67. g5 Kf8 68. Nf2 $18 1-0

[Event "25th Troya Open 2017"]
[Site "Canakkale"]
[Date "2017.08.12"]
[Round "9.8"]
[White "Uzuner, Tufan Can"]
[Black "Yasin, Hur"]
[Result "1-0"]
[ECO "A80"]
[WhiteElo "1949"]
[BlackElo "1982"]
[Annotator "NA RC"]
[PlyCount "91"]
[EventCountry "TUR"]
[SourceTitle "playchess.com"]
[Source "ChessBase"]
[SourceQuality "1"]
[TimeControl "5400+30"]

1. d4 f5 2. Bg5 g6 3. Nc3 h6 4. Bh4 d5 5. f3 Bg7 6. Qd2 Nc6 7. e4 Nxd4 8. exd5 a6 {[%emt 0:04:30] [#]} ({Black should try} 8... c5) 9. Nge2 ({Better is} 9. O-O-O $1) 9... c5 10. Bf2 Nxe2 11. Bxe2 b6 12. O-O-O Nf6 13. h4 (13. d6 $16) 13... Qd6 14. Be3 Bb7 15. Bf4 Qd7 16. Rhe1 b5 17. d6 e6 18. Qe3 Rc8 $2 {[%emt 0:06:02] [#]} (18... Kf7 $16) 19. Nxb5 $1 Nd5 ({Worse is} 19... axb5 {[#]} 20. Bxb5 $1 Bc6 21. Bc4 $18) 20. Rxd5 Bxd5 21. Nc7+ Kf7 22. Nxd5 $2 (22. Bxa6 $18 Rb8 23. Nxd5 (23. Qxc5 Bxb2+ 24. Kd2 Qc6 $18) 23... Bxb2+ 24. Kd2) 22... exd5 23. Qd2 $1 ({Weaker is} 23. Bxa6 Rce8 $15) 23... Qb7 24. Bb5 Kg8 $2 ({But not} 24... Qxb5 $2 25. Qxd5+ Kf8 26. d7 $18) (24... Bxb2+ $11 25. Kxb2 Rce8) 25. Re7 ({Inferior is} 25. d7 Rd8 $11) 25... Qxb5 26. Qxd5+ Kh7 {[%emt 0:00:00] [#]} 27. Rxg7+ $1 Kxg7 {[%emt 0:00:07] [#]} 28. Qe5+ $1 Kf7 29. Qe7+ Kg8 30. Qe6+ Kf8 31. Qf6+ Kg8 32. Qxg6+ Kf8 33. Qxf5+ Kg8 34. Qxc8+ Kh7 35. Qf5+ Kg8 36. Qe6+ $2 Kf8 37. Qe7+ Kg8 38. Qe6+ Kf8 39. Qf6+ $142 Kg8 40. b3 (40. Qg6+ Kf8 41. Bxh6+ Rxh6 42. Qxh6+ Kf7 43. Qh7+ Kf6 44. Qe7+ Kf5 45. d7 Qf1+ 46. Kd2 Qxg2+ 47. Qe2) 40... Rh7 41. Qd8+ Kf7 42. Qe7+ (42. d7 Rh8 43. Qc7 Qxd7 44. Qxd7+ Kf6 45. Bd2) 42... Kg8 43. Qe6+ Rf7 44. Bxh6 Qd7 45. Qg6+ Kh8 46. Bd2 1-0

[Event "25th Troya Open 2017"]
[Site "Canakkale"]
[Date "2017.08.12"]
[Round "9.9"]
[White "Algunerhan, Siar"]
[Black "Sar, Can"]
[Result "1-0"]
[ECO "B77"]
[WhiteElo "1742"]
[BlackElo "1619"]
[Annotator "NA RC"]
[PlyCount "47"]
[EventCountry "TUR"]
[SourceTitle "playchess.com"]
[Source "ChessBase"]
[SourceQuality "1"]
[TimeControl "5400+30"]

1. e4 c5 2. Nf3 g6 3. d4 cxd4 4. Nxd4 Bg7 5. Nc3 Nc6 6. Be3 Nf6 7. Bc4 O-O 8. f3 d6 9. Qd2 Na5 10. Bb3 Nxb3 11. axb3 a6 12. h4 h5 13. O-O-O Qa5 14. Kb1 Re8 15. Bg5 Qd8 16. g4 hxg4 17. h5 Nh7 18. hxg6 Nxg5 19. Qxg5 f6 20. Qh5 e6 21. fxg4 Qb6 22. Qh7+ Kf8 23. Rhf1 Qc5 24. Rxf6+ 1-0

[Event "25th Troya Open 2017"]
[Site "Canakkale"]
[Date "2017.08.12"]
[Round "9.10"]
[White "Yildirim, Ibrahim Halil"]
[Black "Ozkurt, Kutay"]
[Result "1-0"]
[ECO "C02"]
[WhiteElo "1670"]
[BlackElo "1686"]
[Annotator "NA RC"]
[PlyCount "129"]
[EventCountry "TUR"]
[SourceTitle "playchess.com"]
[Source "ChessBase"]
[SourceQuality "1"]
[TimeControl "5400+30"]

1. e4 c5 2. Nf3 e6 3. c3 d5 4. e5 Nc6 5. d4 cxd4 6. cxd4 h6 7. a3 Bd7 8. b4 Rc8 9. Bd3 Nge7 10. O-O Nf5 11. Be3 a6 12. Qb3 Qb6 13. Bxf5 exf5 14. Nc3 Be6 15. Rab1 f4 16. Na4 Qa7 17. Bxf4 Nxd4 18. Qe3 Nxf3+ 19. Qxf3 Be7 20. Rfd1 h5 21. Qg3 Rg8 22. Be3 Qb8 23. Bc5 g5 24. h4 Qc7 25. Bd6 Bxd6 26. exd6 Qc6 27. Nc5 Rd8 28. hxg5 Qxd6 29. Qh4 Qe7 30. f4 b6 31. Nxa6 Ra8 32. b5 Qd6 33. Rbc1 Rc8 34. Rxc8+ Bxc8 35. Rxd5 Qxa3 36. Qe1+ Kf8 37. Qb4+ Qxb4 38. Nxb4 Bb7 39. Rd7 Be4 40. Nc6 Kg7 41. Ne5 Rf8 42. Rd6 f6 43. Nd7 Rd8 44. gxf6+ Kg8 45. f7+ Kxf7 46. Ne5+ Ke8 47. Rxb6 Rd1+ 48. Kh2 Rd2 49. Rb8+ Ke7 50. Rg8 Rb2 51. Rg5 Rf2 52. b6 Rxf4 53. b7 Rf8 54. Ng6+ Bxg6 55. Rxg6 Kd7 56. Rb6 Kc7 57. b8=Q+ Rxb8 58. Rxb8 Kxb8 59. Kh3 Kc8 60. Kh4 Kd8 61. Kxh5 Ke7 62. Kg6 Kf8 63. g4 Kg8 64. g5 Kh8 65. Kf7 1-0

[Event "25th Troya Open 2017"]
[Site "Canakkale"]
[Date "2017.08.12"]
[Round "9.11"]
[White "Erdal, Kerem"]
[Black "Demirtas, Hafize"]
[Result "0-1"]
[ECO "C41"]
[WhiteElo "1579"]
[BlackElo "1708"]
[Annotator "NA RC"]
[PlyCount "126"]
[EventCountry "TUR"]
[SourceTitle "playchess.com"]
[Source "ChessBase"]
[SourceQuality "1"]
[TimeControl "5400+30"]

1. e4 d6 2. d4 Nf6 3. Nc3 Nbd7 4. Nf3 e5 5. Bc4 Be7 6. O-O O-O 7. h3 c6 8. a4 Qc7 9. Bg5 b6 10. d5 Bb7 11. Nh4 Rfe8 12. Nf5 Bf8 13. Qf3 a6 14. Qg3 g6 15. dxc6 Qxc6 16. Bd5 Qc7 17. Bxb7 Qxb7 18. Rfe1 Kh8 19. Qh4 Ng8 20. Ng3 Kg7 21. Qg4 h6 22. Bh4 Kh7 23. Nd5 Bg7 24. Ne2 f5 25. exf5 g5 26. f6 Ndxf6 27. Qf5+ Kh8 28. Nxf6 Bxf6 29. Bg3 Kg7 30. Rad1 Ne7 31. Qe6 Rad8 32. Rxd6 Nd5 33. Qxd5 Qxd5 34. Rxd5 Rxd5 35. Nc3 Rd2 36. Rc1 e4 37. Nd1 Red8 38. Ne3 Bxb2 39. Rb1 Bd4 40. Bc7 Rf8 41. Bxb6 Bxb6 42. Rxb6 Rf6 43. Rb7+ Kg8 44. Ng4 Rc6 45. Ne3 h5 46. Re7 Rf6 47. Rxe4 Kf7 48. Re5 Kg6 49. f3 Rdd6 50. Rc5 Rfe6 51. Nc4 Rd1+ 52. Kf2 Kf6 53. Ra5 Ra1 54. Ne3 Ra3 55. Nd5+ Kg6 56. Nb4 Rc3 57. Kg1 Rc4 58. Nxa6 Rxc2 59. Nb4 Rd2 60. Rb5 Ree2 61. Rb6+ Kf5 62. g4+ Kf4 63. Rc6 Rd1# 0-1

[Event "25th Troya Open 2017"]
[Site "Canakkale"]
[Date "2017.08.12"]
[Round "9.12"]
[White "Istekli, Erdem"]
[Black "Erturk, Baris"]
[Result "1-0"]
[ECO "B27"]
[WhiteElo "1696"]
[BlackElo "1415"]
[Annotator "NA RC"]
[PlyCount "43"]
[EventCountry "TUR"]
[SourceTitle "playchess.com"]
[Source "ChessBase"]
[SourceQuality "1"]
[TimeControl "5400+30"]

1. e4 c5 2. Nf3 g6 3. d4 cxd4 4. Qxd4 Nf6 5. e5 Nc6 6. Qa4 Nd5 7. Qe4 Nc7 8. Bc4 Bg7 9. O-O O-O 10. Nc3 b6 11. Re1 Bb7 12. Qh4 Ne6 13. Bh6 Bxh6 14. Qxh6 Nb4 15. Bxe6 Bxf3 16. Bb3 Bc6 17. Ne4 Bxe4 18. Rxe4 Re8 19. Rh4 e6 20. Qxh7+ Kf8 21. Qh8+ Ke7 22. Qf6+ 1-0